 Dungeon Crawl Stone Soup version 0.28.0-45-g0d030f2227 (webtiles) character file.

Game seed: 5376907916396039676

81 CuBeRJAN3 the Cudgeller (level 4, -16/41 HPs)
             Began as a Gnoll Cinder Acolyte on Apr 1, 2022.
             Was a High Priest of Ignis.
             Demolished by an ogre
             ... wielding a +0 giant club
              (25 damage)
             ... on level 3 of the Dungeon.
             The game lasted 00:08:37 (2963 turns).

CuBeRJAN3 the Cudgeller (Gnoll Cinder Acolyte)      Turns: 2963, Time: 00:08:38

Health: -16/41     AC:  6    Str: 15    XL:     4   Next: 42%
Magic:  6/8        EV: 11    Int: 14    God:    Ignis [*****.]
Gold:   196        SH:  0    Dex:  7    Spells: 3/9 levels left

rFire   + . .      SeeInvis .   a - -1 mace (flame)
rCold   . . .      Faith    .   (no shield)
rNeg    . . .      Spirit   .   b - +0 robe
rPois   .          Reflect  .   (no helmet)
rElec   .          Harm     .   (no cloak)
rCorr   +          Rampage  .   (no gloves)
Will    .....                   (no boots)
Stlth   +.........              (no amulet)
HPRegen 0.13/turn               c - ring of resist corrosion
MPRegen 0.11/turn               f - +4 ring of protection

@: no status effects
A: fangs 1, strong nose, distributed training
a: Renounce Religion, Fiery Armour, Foxfire Swarm, Rising Flame


You were on level 3 of the Dungeon.
You worshipped Ignis.
Ignis was extremely pleased with you.
You visited 1 branch of the dungeon, and saw 3 of its levels.

You collected 196 gold pieces.

Inventory:

Hand Weapons
 a - a -1 mace of flaming (weapon)
Armour
 b - a +0 robe (worn)
Jewellery
 c - a ring of resist corrosion (left hand)
 f - a +4 ring of protection (right hand)
 j - a ring of protection from fire
Scrolls
 d - 4 scrolls of identify {unknown}
 e - 2 scrolls of enchant weapon {unknown}
 g - a scroll of magic mapping {unknown}
 h - a scroll of amnesia {unknown}
Potions
 i - a potion of mutation {unknown}
 k - a potion of curing {unknown}
 l - a potion of invisibility {unknown}
 m - a potion of berserk rage {unknown}


   Skills:
 + Level 6.6 Fighting
 + Level 1.1 Short Blades
 + Level 1.1 Long Blades
 + Level 1.1 Axes
 + Level 6.6 Maces & Flails
 + Level 1.1 Polearms
 + Level 1.1 Staves
 + Level 1.1 Slings
 + Level 1.1 Bows
 + Level 1.1 Crossbows
 + Level 1.1 Throwing
 + Level 1.1 Armour
 + Level 1.1 Dodging
 + Level 1.1 Stealth
 + Level 1.1 Shields
 + Level 1.1 Unarmed Combat
 + Level 3.0 Spellcasting
 + Level 0.9 Conjurations
 + Level 0.9 Hexes
 + Level 0.9 Summonings
 + Level 0.9 Necromancy
 + Level 0.9 Translocations
 + Level 0.9 Transmutations
 + Level 5.4 Fire Magic
 + Level 0.9 Ice Magic
 + Level 0.9 Air Magic
 + Level 0.9 Earth Magic
 + Level 0.9 Poison Magic
 + Level 1.2 Invocations
 + Level 1.1 Evocations


You had 3 spell levels left.
You knew the following spells:

 Your Spells              Type           Power      Damage    Failure   Level
a - Scorch                Fire           34%        2d7       3%          2
b - Cause Fear            Hex            2%         N/A       82%         4

Your spell library contained the following spells:

 Spells                   Type           Power      Damage    Failure   Level
 Dragon Form              Tmut           2%         N/A       100%        7
 Dragon's Call            Summ           2%         N/A       100%        9


Dungeon Overview and Level Annotations

Branches:
Dungeon (3/15)

Altars:

Annotations:
D:3 Grinder


Innate Abilities, Weirdness & Mutations

You have very sharp teeth.
Your uncanny sense of smell can sniff out nearby items.
Your experience applies equally to all skills.


Message History

An adder and an ogre come into view.
The adder hisses angrily.
The ogre shouts!
You miss the adder. The adder bites you.
Casting: Scorch (safe; 3% risk of failure)
Press: ? - help, Q - select action Dir - look around, f - activate Flames lash the adder.
The adder is almost dead.
The adder's fire resistance burns away.
The adder bites you but does no damage. The adder closely misses you.
You closely miss the adder.
The adder is almost dead.
The adder closely misses you.
The adder is no longer more vulnerable to fire.
The adder misses you. The adder misses you.
You barely miss the adder. Your bite misses the adder.
The adder is almost dead.
The adder barely misses you.
You sock the adder! You burn the adder.
You kill the adder!
Casting: Scorch (safe; 3% risk of failure)
Press: ? - help, Q - select action Dir - look around, f - activate Flames lash the ogre.
The ogre is moderately wounded.
The ogre's fire resistance burns away.
The ogre barely misses you.
Casting: Scorch (safe; 3% risk of failure)
Press: ? - help, Q - select action Dir - look around, f - activate Flames lash the ogre.
The ogre is burned terribly!
The ogre is heavily wounded.
The ogre hits you with a +0 giant club!!
Ouch! That really hurt!
The ogre is no longer more vulnerable to fire.
There is a stone staircase leading up here.
The ogre hits you with a +0 giant club!
* * * LOW HITPOINT WARNING * * *
The ogre hits you with a +0 giant club!!
Ouch! That really hurt!
You die...

..#.#.#..###...##.#..#
####.#.#...####.##.##.#
....#.#......##....#
#...#.#..###########
.##.#.#..# ...#<.#
#.##.###### #.........#
....... #.##@.....#
....... # #.O....#
..5.... #......#
.....?. #......#
....... .##......#
.......##.##......#
......5.#.##......#
#.#.##......#
#.#.##......#


You could see an ogre.

Vanquished Creatures
  A gnoll (D:1)
  3 adders
  A worm (D:2)
  A dart slug (D:1)
  3 bats
  3 endoplasms (D:1)
  3 giant cockroaches (D:2)
  3 goblins
  6 hobgoblins
  6 kobolds
  A quokka (D:1)
  4 ball pythons
  A frilled lizard (D:2)
  2 rats
38 creatures vanquished.

Notes
Turn   | Place    | Note
-------+----------+-------------------------------------------
     0 | D:1      | CuBeRJAN3 the Gnoll Cinder Acolyte began the quest for the
                  | Orb.
     0 | D:1      | Reached XP level 1. HP: 23/23 MP: 4/4
   737 | D:1      | Reached XP level 2. HP: 26/29 MP: 5/5
   905 | D:1      | Found a faded altar of an unknown god.
   996 | D:1      | Reached XP level 3. HP: 35/35 MP: 7/7
   999 | D:1      | Learned a level 2 spell: Scorch
  1534 | D:2      | Reached skill level 1 in Invocations
  1967 | D:2      | Reached skill level 1 in Short Blades
  1967 | D:2      | Reached skill level 1 in Long Blades
  1967 | D:2      | Reached skill level 1 in Axes
  1967 | D:2      | Reached skill level 1 in Polearms
  1967 | D:2      | Reached skill level 1 in Staves
  1967 | D:2      | Reached skill level 1 in Slings
  1967 | D:2      | Reached skill level 1 in Bows
  1967 | D:2      | Reached skill level 1 in Crossbows
  1967 | D:2      | Reached skill level 1 in Throwing
  1967 | D:2      | Reached skill level 1 in Armour
  1967 | D:2      | Reached skill level 1 in Dodging
  1967 | D:2      | Reached skill level 1 in Stealth
  1967 | D:2      | Reached skill level 1 in Shields
  1967 | D:2      | Reached skill level 1 in Unarmed Combat
  1967 | D:2      | Reached skill level 1 in Evocations
  2319 | D:2      | Reached XP level 4. HP: 41/41 MP: 8/8
  2325 | D:2      | Learned a level 4 spell: Cause Fear
  2764 | D:3      | Noticed Grinder
  2924 | D:3      | Noticed an ogre
  2963 | D:3      | Demolished by an ogre

Illustrated notes

Levels and vault maps discovered:
D:1:      minmay_arrival_loop, layout_loops_ring, ebering_ecumenical_altar_rust
D:2:      layout_basic
D:3:      layout_basic, uniq_pargi, uniq_grinder

Skill      XL: |  1  2  3  4 |
---------------+-------------+-----
Invocations    | 1 |  1.2
Short Blades   | 1 |  1.1
Long Blades    | 1 |  1.1
Axes           | 1 |  1.1
Polearms       | 1 |  1.1
Staves         | 1 |  1.1
Slings         | 1 |  1.1
Bows           | 1 |  1.1
Crossbows      | 1 |  1.1
Throwing       | 1 |  1.1
Armour         | 1 |  1.1
Dodging        | 1 |  1.1
Stealth        | 1 |  1.1
Shields        | 1 |  1.1
Unarmed Combat | 1 |  1.1
Evocations     | 1 |  1.1
Spellcasting   | 3 |  3.0
Fighting       | |  6.6
Maces & Flails | |  6.6
Conjurations   | |  0.9
Hexes          | |  0.9
Summonings     | |  0.9
Necromancy     | |  0.9
Translocations | |  0.9
Transmutations | |  0.9
Fire Magic     | |  5.4
Ice Magic      | |  0.9
Air Magic      | |  0.9
Earth Magic    | |  0.9
Poison Magic   | |  0.9

Action                   |  1- 3 |  4- 6 || total
-------------------------+-------+-------++-------
Melee: Mace              |    62 |     9 ||    71
       Bite              |     5 |       ||     5
 Cast: Scorch            |    23 |     5 ||    28
 Stab: Sleeping          |     1 |       ||     1
Armor: Robe              |    12 |     2 ||    14
Dodge: Dodged            |    42 |    10 ||    52
